 Dungeon Crawl Stone Soup version 0.25-a0-860-gf695395b5c (webtiles) character file.

Game seed: 3450574036887341366, levelgen mode: deterministic

37 KiliKikkendorf the Chopper (level 3, -2/30 HPs)
             Began as a Hill Orc Gladiator on Apr 29, 2020.
             Slain by a gnoll
             ... wielding a +0 halberd
              (12 damage)
             ... on level 2 of the Dungeon.
             The game lasted 00:02:08 (1056 turns).

KiliKikkendorf the Chopper (Hill Orc Gladiator)     Turns: 1056, Time: 00:02:08

Health: -2/30      AC:  6    Str: 17    XL:     3   Next: 41%
Magic:  3/3        EV: 11    Int:  8    God:
Gold:   64         SH:  0    Dex: 12    Spells: 2/2 levels left

rFire    . . .     SeeInvis .   a - +0 war axe
rCold    . . .     Gourm    .   (no shield)
rNeg     . . .     Faith    .   m - +0 ring mail
rPois    .         Spirit   .   c - +0 helmet
rElec    .         Reflect  .   (no cloak)
rCorr    .         Harm     .   (no gloves)
MR       .....                  (no boots)
Stlth    +.........             (no amulet)
HPRegen  0.10/turn              (no ring)
MPRegen  0.08/turn              (no ring)

@: no status effects
A: no striking features
a: no special abilities


You were on level 2 of the Dungeon.
You were not hungry.

You visited 1 branch of the dungeon, and saw 2 of its levels.

You collected 64 gold pieces.

Inventory:

Hand Weapons
 a - a +0 war axe (weapon)
Missiles
 d - 3 throwing nets (quivered)
Armour
 c - a +0 helmet (worn)
 m - a +0 ring mail (worn)
Wands
 b - a wand of flame (22)
Scrolls
 e - 2 scrolls of identify
 k - 3 scrolls of teleportation
Potions
 g - a potion of curing {unknown}
 h - a potion of brilliance
Comestibles
 f - 3 rations


   Skills:
 + Level 2.6 Fighting
 + Level 4.7 Axes
 + Level 2.1 Throwing
 * Level 0.7 Armour
 + Level 2.8 Dodging


You had 2 spell levels left.
You didn't know any spells.
Your spell library was empty.

Dungeon Overview and Level Annotations

Branches:
Dungeon (2/15)

Altars:


Message History

You hit the worm.
The worm is lightly wounded.
A gnoll opens the door.
The worm bites you but does no damage.
You barely miss the worm.
The worm is lightly wounded.
The worm barely misses you.
The gnoll hits you from afar with a +0 spear.
You barely miss the worm.
The worm is lightly wounded.
A gnoll opens the door.
The gnoll closely misses you. The worm bites you.
You barely miss the worm. The gnoll closely misses you.
You hit the worm.
The worm is moderately wounded.
The gnoll hits you from afar with a +0 halberd!
The gnoll hits you but does no damage. The worm bites you.
The gnoll hits you but does no damage.
You hit the worm.
The worm is heavily wounded.
The gnoll hits you from afar with a +0 halberd!
You die...

##... ...#####...>##
#.##.# .
#.......#.#.###.##.# #
############.##........
.............#.###.##.#
#.####.####.### #.#..#
+.'..#.# #..... #
#.#..#.# ###.##
+##.#g##.#'##.# #.#
.....ww@......# #.#
+##.#g##.#+##.# ... #
#.# .# .#. #.# #. .#
#.# ## ## ... ###


You could see 2 worms and 2 gnolls.

Vanquished Creatures
  Jessica (D:2)
  A dart slug (D:1)
  3 goblins (D:1)
  A hobgoblin (D:1)
  6 rats
12 creatures vanquished.

Notes
Turn   | Place    | Note
-------+----------+-------------------------------------------
     0 | D:1      | KiliKikkendorf the Hill Orc Gladiator began the quest for
                  | the Orb.
     0 | D:1      | Reached XP level 1. HP: 18/18 MP: 1/1
    96 | D:1      | Reached XP level 2. HP: 24/25 MP: 2/2
   578 | D:2      | Noticed Jessica
   583 | D:2      | Killed Jessica
   583 | D:2      | Reached XP level 3. HP: 8/30 MP: 3/3
  1056 | D:2      | Slain by a gnoll

Levels and vault maps discovered:
D:1:      matt_arrival_spirals, layout_rooms
D:2:      minmay_door_path, layout_loops_ring, nicolae_overflow_crystal_walls,
          first_ration, tgw_xom, uniq_jessica

Skill      XL: |  1  2 |
---------------+-------+-----
Throwing       | 2 |  2.1
Fighting       | |  2.6
Axes           | |  4.7
Armour         | |  0.7
Dodging        | |  2.8

Action                   || total
-------------------------++-------
Melee: War axe           ||    30
  Use: Scroll            ||     3
       Potion            ||     3
Armor: Leather armour    ||     4
       Ring mail         ||     3
Dodge: Dodged            ||    23

Table legend:
 A = Non-vault XP
 B = Vault XP
 C = Vault XP percentage of total XP
 D = Non-vault monster count
 E = Vault monster count
 F = Vault count percentage of total count
                 A         B        C        D         E       F
            +---------+---------+-------+---------+---------+-------
      Total |      16 |      38 |  70.4 |      10 |       2 |  16.7
            +---------+---------+-------+---------+---------+-------
        D:1 |      16 |       0 |   0.0 |      10 |       0 |   0.0
        D:2 |       0 |      38 | 100.0 |       0 |       2 | 100.0
            +---------+---------+-------+---------+---------+-------
